 Dungeon Sprint DCSS version 0.29-a0-25-g7f48f510a0 (webtiles) character file.

Game seed: 12972766837789796879

17306 HallandMoats the Fighter (level 11, -2/111 HPs)
             Began as a Demigod Fighter on Jan 31, 2022.
             Slain by a frost giant (9 damage)
             ... while paralysed by a wendigo
             ... in the Dungeon (Sprint V: "Ziggurat Sprint").
             The game lasted 00:07:01 (1360 turns).

HallandMoats the Fighter (Demigod Fighter)          Turns: 1360, Time: 00:07:02

Health: -2/111     AC: 25    Str: 28    XL:     11   Next: 90%
Magic:  0/23       EV:  2    Int: 11    God:
Gold:   0          SH:  0    Dex: 22    Spells: 10/10 levels left

rFire   + + .      SeeInvis +   B - +14 obsidian axe {vorpal, Mesm Drain Fly SInv}
rCold   + . .      Faith    .   C - +18 shield of the Gong {rElec rN+ Will+ EV-5}
rNeg    + . .      Spirit   +   k - +5 gold dragon scales
rPois   +          Reflect  .   w - +0 helmet {SInv}
rElec   +          Harm     .   (no cloak)
rCorr   .          Rampage  .   (no gloves)
Will    ++...      NoTele   +   (no boots)
Stlth   ..........              a - amulet of Balance {Spirit rF+}
HPRegen 0.28/turn               z - +6 ring of strength
MPRegen 0.18/turn               u - ring of the Octopus King {MP+9 AC+1 EV+1 Str+1 Int+1 Dex+1}

@: paralysed, mighty, flying, mesmerised, hasted
A: high MP 1, forlorn, divine attributes
a: no special abilities


You were in the Dungeon.
You visited 1 branch

Inventory:

Hand Weapons
 x - the +5 scythe "Finisher" {speed, eviscerate}
   (You found it in the Dungeon)

   Attacks with this weapon are significantly faster.
   It may eviscerate those it strikes, slaying them instantly, with a decreasing
   chance against stronger foes.
 B - the +14 obsidian axe (weapon) {vorpal, Mesm Drain Fly SInv}
   (You found it in the Dungeon)

   It inflicts extra damage upon your enemies.
   It occasionally summons demons to assist the wielder when it strikes in
   combat.
   Its wielder is mesmerised by any visible foes.
   It cannot be unequipped while any foes are visible.
   SInv:      It lets you see invisible.
   Fly:       It grants you flight.
   Drain:     It drains your maximum health when unequipped.
Missiles
 v - 3 throwing nets (quivered)
Armour
 b - the +1 robe of Vines {NoPotionHeal Regen++++}
   (You found it in the Dungeon)

   Its wearer cannot be healed by potions.
   Regen:     It increases your rate of health regeneration.
 k - +5 gold dragon scales (worn)
 w - a +0 helmet of see invisible (worn)
 C - the +18 shield of the Gong (worn) {rElec rN+ Will+ EV-5}
   (You found it in the Dungeon)

   It is deafeningly noisy when blocking attacks.
   EV:        It affects your evasion (-5).
   rElec:     It insulates you from electricity.
   rN:        It protects you from negative energy.
   Will:      It increases your willpower.
Jewellery
 a - the amulet of Balance (around neck) {Spirit rF+}
   (You found it in the Dungeon)

   [amulet of guardian spirit]

   It causes incoming damage to be divided between your reserves of health and
   magic.
   rF:        It protects you from fire.
 c - the ring of Marrikh {Wiz *Corrode +Blink rPois}
   (You found it in the Dungeon)

   [ring of wizardry]

   It improves your spell success rate.
   rPois:     It protects you from poison.
   +Blink:    It lets you blink.
   *Corrode:  It may corrode you when you take damage.
 u - a ring of the Octopus King (right hand) {MP+9 AC+1 EV+1 Str+1 Int+1 Dex+1}
   (You found it in the Dungeon)

   [ring of magical power]

   AC:        It affects your AC (+1).
   EV:        It affects your evasion (+1).
   Str:       It affects your strength (+1).
   Int:       It affects your intelligence (+1).
   Dex:       It affects your dexterity (+1).
   MP:        It affects your magic capacity (+9).
 z - a +6 ring of strength (left hand)
 A - a +6 ring of strength
Scrolls
 j - 3 scrolls of blinking
 o - 4 scrolls of enchant weapon
 p - 4 scrolls of amnesia
 q - 7 scrolls of fog
 r - a scroll of holy word
 s - 5 scrolls of identify
 t - 2 scrolls of fear
Potions
 d - 5 potions of might
 e - 10 potions of curing
 f - a potion of heal wounds
 g - 5 potions of haste
 h - 7 potions of magic
 i - 3 potions of berserk rage
 l - 2 potions of brilliance
 m - 2 potions of invisibility
 n - 4 potions of resistance


   Skills:
 * Level 14.6 Fighting
 * Level 14.4 Axes
 + Level 10.9 Armour
 + Level 9.9 Dodging
 + Level 10.9 Shields


You had 10 spell levels left.
You didn't know any spells.
Your spell library contained the following spells:

 Spells                   Type           Power      Damage    Failure   Level
 Sandblast                Erth           0%         2d4       100%        1
 Shock                    Conj/Air       0%         1d3       100%        1
 Blink                    Tloc           0%         N/A       100%        2
 Sublimation of Blood     Necr           0%         N/A       100%        2
 Ignite Poison            Fire/Tmut/Pois 0%         N/A       100%        3
 Inner Flame              Hex/Fire       0%         N/A       100%        3
 Lesser Beckoning         Tloc           0%         N/A       100%        3
 Spider Form              Tmut/Pois      0%         N/A       100%        3
 Summon Guardian Golem    Hex/Summ       0%         N/A       100%        3
 Swiftness                Air            0%         N/A       100%        3
 Airstrike                Air            0%         N/A       100%        4
 Cause Fear               Hex            0%         N/A       100%        4
 Petrify                  Tmut/Erth      0%         N/A       100%        4
 Agony                    Necr           0%         N/A       100%        5
 Blade Hands              Tmut           0%         N/A       100%        5
 Irradiate                Conj/Tmut      0%         3d13      100%        5
 Manifold Assault         Tloc           0%         N/A       100%        5
 Metabolic Englaciation   Hex/Ice        0%         N/A       100%        5
 Iron Shot                Conj/Erth      0%         9d1       100%        6
 Orb of Destruction       Conj           0%         9d5       100%        7
 Spellforged Servitor     Conj/Summ      0%         N/A       100%        7
 Storm Form               Tmut/Air       0%         N/A       100%        7
 Discord                  Hex            0%         N/A       100%        8
 Maxwell's Capacitive Co  Air            0%         ∞         100%        8


Dungeon Overview and Level Annotations

Branches:
Dungeon (1/1)

Annotations:
D 1 transporter


Innate Abilities, Weirdness & Mutations

You have an increased reservoir of magic. (+10% MP)
You shall have no god before yourself.
Your divine heritage dramatically boosts your attributes as you level up.


Message History

PTOANNNG!
You block the azure jelly's attack.
SHROANNG!
The azure jelly hits you but does no damage.
The wendigo claws you but does no damage.
The wendigo barely misses you. You block the wendigo's attack.
GONNNNG!
The wendigo bites you.
You feel very mighty all of a sudden. You block the azure jelly's attack.
PTOANNNG!
You block the azure jelly's attack.
GONNNNG!
You block the azure jelly's attack.
PTOANNNG!
You block the azure jelly's attack.
PTOANNNG!
The wendigo fires a burst of electricity at you.
The stunning burst hits you but does no damage.
You suddenly lose the ability to move!
The frost giant points at you and mumbles some strange words.
The bolt of cold hits you! You resist. The wendigo claws you!
* * * LOW HITPOINT WARNING * * *
The wendigo freezes you! You resist.
* * * LOW HITPOINT WARNING * * *
The wendigo bites you.
* * * LOW HITPOINT WARNING * * *
The azure jelly hits you but does no damage. x2
The azure jelly hits you.
* * * LOW HITPOINT WARNING * * *
The azure jelly hits you but does no damage.
The tormentor calls on the powers of darkness!
The azure jelly convulses!
Your body is wracked with pain!
* * * LOW HITPOINT WARNING * * *
The frost giant convulses!
The wendigo claws you but does no damage.
The wendigo bites you.
* * * LOW HITPOINT WARNING * * *
The frost giant hits you with a +1 battleaxe of freezing!
You die...

▓.........▓.......
▓.▓..)..▓.▓.▓†..▓.
▓....©....▓...©...
▓▓▓▓▓▓▓▓▓▓▓▓▓▓▓▓▓▓▓▓
▓...8©8...▓...8©8...
▓..[||})..▓..|})[...
▓..}"|)[..▓...[)|}..
▓.WRRZ....▓.........
▓..@J2....▓.........
▓..ZC.....▓.........
▓.........▓.).)).)..
▓.........▓.▓.....▓.
▓.▓.....▓.▓...)©....
▓....©....▓▓▓▓▓▓▓▓▓▓
▓▓▓▓▓▓▓▓▓▓▓


You could see a frost giant, 2 wendigos, an azure jelly, a freezing wraith, a
tormentor, a quokka simulacrum and a giant cockroach simulacrum.

Vanquished Creatures
  4 dancing weapons (D)
  2 deep elf archers (D)
  2 deep elf zephyrmancers (D)
  2 deep elf pyromancers (D)
  A black mamba (D)
  A merfolk (D)
  3 wind drakes (D)
  4 nagas (D)
  2 water moccasins (D)
  3 black bears (D)
  A necrophage (D)
  2 wolves (D)
  An earth elemental (D)
  A scorpion (D)
  2 crimson imps (D)
  An iron imp (D)
  A shadow imp (D)
  A white imp (D)
  An ufetubus (D)
  A bat skeleton (D)
  A quokka skeleton (D)
37 creatures vanquished.

Vanquished Creatures (collateral kills)
  A dancing weapon (D)
  A deep elf knight (D)
  A deep elf archer (D)
  A harpy (shapeshifter) (D)
  3 merfolk (D)
  A jumping spider (D)
  3 necrophages (D)
  A centaur (D)
  A wolf (D)
  2 phantoms (D)
  A scorpion (D)
  A wight (D)
17 creatures vanquished.

Vanquished Creatures (others)
  2 bat simulacra (D)
2 creatures vanquished.

Grand Total: 56 creatures vanquished

Notes
Turn   | Place    | Note
-------+----------+-------------------------------------------
     0 | D        | HallandMoats the Demigod Fighter began the quest for the
                  | Orb.
     0 | D        | Reached XP level 1. HP: 18/18 MP: 3/3
     4 | D        | Banished a spatial maelstrom
     5 | D        | Found the +6 Majin-Bo {vamp, MP+6 Int+6}
     5 | D        | Found the +9 heavy crossbow "Sniper" {vorpal, Acc+∞ SInv}
     5 | D        | Found the +10 dark maul {vorpal}
     5 | D        | Found the +15 Maxwell's patent armour {-Cast -Tele rElec
                  | Will+ rCorr}
     5 | D        | Found the +18 shield of the Gong {rElec rN+ Will+ EV-5}
     5 | D        | Found the +14 obsidian axe {vorpal, Mesm Drain Fly SInv}
     5 | D        | Found the +7 great mace "Firestarter" {inner flame, rF++}
     5 | D        | Found the +6 shillelagh "Devastator" {shatter}
     5 | D        | Found the +11 plutonium sword {Contam Stlth-}
     5 | D        | Found the +8 lance "Wyrmbane" {slay drac, rPois rF+ rC+
                  | AC+3}
     5 | D        | Found the +9 sword of Zonguldrok {reap}
     5 | D        | Found the +13 scythe of Curses {drain, Drain}
     5 | D        | Found the +5 sword of Power {vorpal}
     5 | D        | Found the +7 mace of Variability {chain chaos}
     5 | D        | Found the +7 Singing Sword {vorpal, sonic wave}
     5 | D        | Found the +8 storm bow {elec, penet}
     7 | D        | Found a transporter.
    57 | D        | Entered arena 2.
    57 | D        | Noticed a crimson imp
    57 | D        | Found a transporter.
    61 | D        | Killed a crimson imp
    62 | D        | Reached XP level 2. HP: 27/27 MP: 4/4
    62 | D        | Reached XP level 3. HP: 33/33 MP: 5/5
    66 | D        | Entered arena 3.
    66 | D        | Noticed a jumping spider
    66 | D        | Noticed a scorpion
    66 | D        | Noticed a scorpion
    66 | D        | Found a transporter.
    68 | D        | Killed a jumping spider
    69 | D        | Reached skill level 5 in Axes
    69 | D        | Reached skill level 5 in Armour
    69 | D        | Reached skill level 5 in Shields
    69 | D        | Reached XP level 4. HP: 44/44 MP: 6/6
    69 | D        | Reached XP level 5. HP: 50/50 MP: 7/7
    71 | D        | Reached XP level 6. HP: 60/60 MP: 8/8
    79 | D        | Entered arena 4.
    79 | D        | Found a transporter.
    91 | D        | Got Uzag's Almanac of Flying Shape Shifting
    94 | D        | Entered arena 5.
    94 | D        | Found a transporter.
   101 | D        | Reached XP level 7. HP: 67/68 MP: 9/9
   102 | D        | Reached skill level 5 in Dodging
   106 | D        | Got the amulet of Balance {Spirit rF+}
   213 | D        | Entered arena 6.
   213 | D        | Found a transporter.
   223 | D        | Entered arena 7.
   223 | D        | Found the +1 robe of Vines {NoPotionHeal Regen++++}
   224 | D        | Found a transporter.
   230 | D        | Reached XP level 8. HP: 78/79 MP: 10/10
   234 | D        | Got the Reference Book on Shape Shifting and Sinister
                  | Rituals
   242 | D        | Entered arena 8.
   242 | D        | Noticed a +3 battleaxe of freezing
   242 | D        | Noticed a deep elf zephyrmancer
   242 | D        | Noticed a deep elf archer
   242 | D        | Noticed a deep elf pyromancer
   242 | D        | Noticed a harpy
   242 | D        | Noticed a deep elf zephyrmancer
   243 | D        | Found a transporter.
   245 | D        | Killed a harpy
   246 | D        | Reached skill level 10 in Fighting
   248 | D        | Killed a deep elf archer
   249 | D        | Reached skill level 10 in Axes
   249 | D        | Killed a +3 battleaxe of freezing
   249 | D        | Killed a deep elf pyromancer
   250 | D        | Reached XP level 9. HP: 43/89 MP: 5/11
   250 | D        | Killed a deep elf zephyrmancer
   251 | D        | Killed a deep elf zephyrmancer
   258 | D        | Got the Incunabulum of Entrancing Stones
   434 | D        | Entered arena 9.
   434 | D        | Found the ring of the Octopus King {MP+9 AC+1 EV+1 Str+1
                  | Int+1 Dex+1}
   434 | D        | Noticed a black mamba
   435 | D        | Found a transporter.
   439 | D        | Killed a black mamba
   443 | D        | Reached XP level 10. HP: 70/99 MP: 10/13
   579 | D        | Got the ring of Marrikh {Wiz *Corrode +Blink rPois}
   581 | D        | Got a ring of the Octopus King {MP+9 AC+1 EV+1 Str+1 Int+1
                  | Dex+1}
   634 | D        | Entered arena 10.
   634 | D        | Found the +5 scythe "Finisher" {speed, eviscerate}
   635 | D        | Found a transporter.
   656 | D        | Reached skill level 10 in Shields
   998 | D        | Entered arena 11.
   998 | D        | Noticed a +4 vorpal long sword
   998 | D        | Noticed a +1 vampiric war axe
   998 | D        | Noticed a deep elf pyromancer
   998 | D        | Noticed a +4 trident of protection
   998 | D        | Noticed a deep elf knight
   998 | D        | Noticed a deep elf archer
   998 | D        | Noticed a deep elf archer
   998 | D        | Noticed a +5 halberd
   999 | D        | Found a transporter.
  1000 | D        | Reached XP level 11. HP: 88/107 MP: 14/14
  1004 | D        | Killed a +1 vampiric war axe
  1005 | D        | Reached skill level 10 in Armour
  1005 | D        | Killed a deep elf knight
  1010 | D        | Killed a +4 vorpal long sword
  1016 | D        | Killed a deep elf archer
  1018 | D        | Killed a deep elf pyromancer
  1024 | D        | Killed a +5 halberd
  1026 | D        | HP: 2/111 [deep elf archer/arrow (24)]
  1028 | D        | Killed a +4 trident of protection
  1034 | D        | Killed a deep elf archer
  1352 | D        | Entered arena 12.
  1352 | D        | Noticed a wendigo
  1352 | D        | Noticed an azure jelly
  1353 | D        | Noticed a wendigo
  1353 | D        | Noticed a frost giant
  1354 | D        | Found a transporter.
  1359 | D        | Paralysed by a wendigo for 1 turns
  1360 | D        | Slain by a frost giant

Illustrated notes

Levels and vault maps discovered:
D:        sprint_v [room_start, room_1, room_2, room_3, room_4, room_5, room_6,
          room_7, room_8, room_9, room_10, room_11, room_12, room_13, room_14,
          room_15, room_16, room_17, room_18, room_19, room_20, room_21,
          room_22, room_23, room_24, room_25, room_26, room_27]

Skill      XL: |  1  2  3  4  5  6  7  8  9 10 11 |
---------------+----------------------------------+-----
Fighting       | 4 6 7 8 9 11 12 13 14 | 14.6
Axes           | 2 5 6 7 9 11 12 13 14 | 14.4
Armour         | 4 5 6 7 8 9 10 | 10.9
Shields        | 4 5 6 7 8 9 10 | 10.9
Dodging        | 2 3 4 6 7 8 9 |  9.9

Action                   |  1- 3 |  4- 6 |  7- 9 | 10-12 || total
-------------------------+-------+-------+-------+-------++-------
Melee: Broad axe         |     4 |    10 |    20 |    33 ||    67
  Use: Potion            |       |       |       |    12 ||    12
       Scroll            |       |       |       |     1 ||     1
Armor: Gold dragon scale |     8 |     2 |    17 |    56 ||    83
Dodge: Dodged            |       |       |     4 |     9 ||    13
Block: Kite shield       |     9 |    12 |    49 |   132 ||   202

Table legend: (Time is in decaauts)
 A = Elapsed time spent in this place.
 B = Non-inter-level travel time spent in this place.
 C = Inter-level travel time spent in this place.
 D = Time resting spent in this place.
 E = Time spent auto-exploring this place.
 F = Levels seen in this place.
 G = Mean time per level.
                   A        B        C        D        E       F      G
               +--------+--------+--------+--------+--------+-----+--------+
         Total |   1371 |   1371 |      0 |   1033 |     35 |   1 | 1371.0 |
       Dungeon |   1371 |   1371 |      0 |   1033 |     35 |   1 | 1371.0 |
               +--------+--------+--------+--------+--------+-----+--------+

Top non-repeatable levels by time:
       D: 1371 daAuts
